 Dungeon Crawl Stone Soup version 0.27-a0-906-g0a00ce863d (webtiles) character file.

Game seed: 5212110240158025847

30 EnegeticOcto the Magician (level 3, -3/28 HPs)
             Began as a Djinni Earth Elementalist on Apr 7, 2021.
             Killed from afar by an orc wizard (4 damage)
             ... with a magic dart
             ... on level 3 of the Dungeon.
             The game lasted 00:03:10 (444 turns).

EnegeticOcto the Magician (DjEE)                     Turns: 444, Time: 00:03:10

Health: -3/28      AC:  7    Str:  7    XL:     3   Next: 20%
Gold:   56         EV: 12    Int: 17    God:
                   SH:  0    Dex: 13

rFire    + + .     SeeInvis .   e - +0 quarterstaff
rCold    x . .     Faith    .   (shield currently unavailable)
rNeg     . . .     Spirit   .   c - +0 robe
rPois    ∞         Reflect  .   (no helmet)
rElec    .         Harm     .   (no cloak)
rCorr    .         Rampage  .   a - +0 pair of gloves
Will     .....                  (boots unavailable)
Stlth    +.........             (no amulet)
HPRegen  0.09/turn              (no ring)
MPRegen  0.00/turn              (no ring)

@: confused, unable to read, flying
A: fire resistance 2, cold vulnerability 1, float, innate caster, hp casting,
extra vitality 1, iridescent scales 2, sense surroundings 1, inability to read
while threatened
a: no special abilities


You were on level 3 of the Dungeon.
You visited 1 branch of the dungeon, and saw 3 of its levels.

You collected 56 gold pieces.

Inventory:

Hand Weapons
 e - a +0 quarterstaff (weapon)
   (You found it on level 1 of the Dungeon)
Missiles
 b - 17 stones
Armour
 a - a +0 pair of gloves (worn)
   (You found it on level 1 of the Dungeon)
 c - a +0 robe (worn)
Scrolls
 d - a scroll of magic mapping {unknown}
 f - a scroll of teleportation {unknown}
 g - a scroll of identify {unknown}
 h - a scroll of blinking {unknown}


   Skills:
 + Level 1.8 Fighting
 - Level 2.1 Dodging
 - Level 1.5 Stealth
 + Level 3.2 Spellcasting


You couldn't memorise any spells.
You knew the following spells:

 Your Spells              Type           Power      Damage    Failure   Level
a - Sandblast             Erth           26%        2d8       4%          1
b - Stone Arrow           Conj/Erth      26%        3d8       14%         3
c - Petrify               Tmut/Erth      13%        N/A       41%         4
d - Lee's Rapid Deconstr  Erth           6%         3d7*      77%         5
e - Beastly Appendage     Tmut           26%        N/A       4%          1
p - Passwall              Tmut/Erth      10%        N/A       7%          2
Your spell library was empty.

Dungeon Overview and Level Annotations

Branches:
Dungeon (3/15)

Altars:


Innate Abilities, Weirdness & Mutations

You are immune to poison.
Your flesh is very heat resistant. (rF++)
You are vulnerable to cold. (rC-)
You float through the air rather than walking.
You learn spells naturally, not from books.
Your magical power is your life essence.
You have superior vitality. (+4 HP)
You are mostly covered in iridescent scales. (AC +4)
You passively map a small area around you.
You sometimes lose the ability to read scrolls when taking damage.


Message History

Things that are here:
a +0 short sword; a kobold corpse
Found a stone staircase leading down.
Casting: Sandblast (safe; 4% risk of failure)
Confirm with . or Enter, or press ? or * to list all spells.
Aiming: Sandblast (safe; 4% risk of failure)
Press: ? - help, Shift-Dir - straight line, f - hobgoblin
Aim: a hobgoblin (21% to evade)
The blast of sand hits the hobgoblin.
You kill the hobgoblin!
There is a stone staircase leading up here.
You fly upwards.
An endoplasm comes into view.
There is a stone staircase leading down here.
Casting: Sandblast (safe; 4% risk of failure)
Confirm with . or Enter, or press ? or * to list all spells.
The spell is quite dangerous to cast (14% risk of failure)!
Continue anyway?
Okay, then.
Unknown command.
Casting: Stone Arrow (quite dangerous; 14% risk of failure)
Confirm with . or Enter, or press ? or * to list all spells.
Aiming: Sandblast (safe; 4% risk of failure)
Press: ? - help, Shift-Dir - straight line, f - endoplasm
Aim: an endoplasm (2% to evade)
The blast of sand hits the endoplasm.
The endoplasm is almost dead.
Casting: Sandblast (safe; 4% risk of failure)
Confirm with . or Enter, or press ? or * to list all spells.
Aiming: Sandblast (safe; 4% risk of failure)
Press: ? - help, Shift-Dir - straight line, f/p - endoplasm
Aim: an endoplasm (almost dead, 2% to evade)
You miscast Sandblast.
You are very lightly contaminated with residual magic.
Nothing appears to happen.
The endoplasm closely misses you.
You hit the endoplasm.
You kill the endoplasm!
There is a stone staircase leading down here.
You fly downwards.
There is a stone staircase leading up here.
Your magical contamination has completely faded away.
Found a mace.
An orc wizard comes into view. It is wielding a +0 dagger.
Found a mace.
The orc wizard casts a spell at you. The magic dart hits you.
You feel threatened and lose the ability to read scrolls!
An orc comes into view. It is wielding a +0 short sword.
The orc shouts!
You hear a shout!
A rat comes into view.
You can read scrolls again.
The orc wizard gestures at you while chanting.
The magic dart hits you.
* * * LOW HITPOINT WARNING * * *
Casting: Sandblast (safe; 4% risk of failure)
Confirm with . or Enter, or press ? or * to list all spells.
Aiming: Sandblast (safe; 4% risk of failure)
Press: ? - help, Shift-Dir - straight line, f - orc wizard
Aim: an orc wizard, wielding a +0 dagger and wearing a +0 robe (26% to evade)
The blast of sand hits the orc wizard!
The orc wizard is severely wounded.
* * * LOW HITPOINT WARNING * * *
Casting: Sandblast (safe; 4% risk of failure)
Confirm with . or Enter, or press ? or * to list all spells.
Aiming: Sandblast (safe; 4% risk of failure)
Press: ? - help, Shift-Dir - straight line, f/p - orc wizard
Aim: an orc wizard, wielding a +0 dagger and wearing a +0 robe (severely wounded, 26% to evade)
You miscast Sandblast.
You are very lightly contaminated with residual magic.
Nothing appears to happen.
* * * LOW HITPOINT WARNING * * *
The orc wizard gestures at you while chanting.
You are confused.
An orc comes into view. It is wielding a +0 dagger.
You bump into the rock wall.
The orc hits you with a +0 short sword.
You feel threatened and lose the ability to read scrolls!
* * * LOW HITPOINT WARNING * * *
Unknown command.
You can read scrolls again.
The orc wizard hits you but does no damage.
The orc barely misses you.
You bump into the rock wall.
The orc wizard barely misses you.
An orc priest comes into view. It is wielding a +0 dagger.
The orc hits you with a +0 short sword.
You feel threatened and lose the ability to read scrolls!
* * * LOW HITPOINT WARNING * * *
You aren't carrying any potions.
You bump into the rock wall.
You can read scrolls again.
The orc wizard points at you and mumbles some strange words.
You are more confused.
Your magical contamination has completely faded away.
You're too confused to move!
The orc wizard hits you but does no damage.
The rat bites you.
* * * LOW HITPOINT WARNING * * *
Unknown command.
The orc wizard casts a spell at you. The magic dart hits you.
You feel threatened and lose the ability to read scrolls!
You die...

#......<..# *
#########.# , , #.# *
#)## **### # #..# ..##o#
* * ###)# * .....* ,
##.#.### ...## ,
####.....>#######....###
,
+............@.oo.......
####....#.#####ro....###
,, * ###.#.#.# #...#.##
#....<#.# #...# #
#.#.###.# #....# #.#.
..# ##..## #,#** ###
....* , , *♣..)♣ * ♣)♣♣
* ,


You could see an orc wizard, 2 orcs and a rat.

Vanquished Creatures
  An adder (D:2)
  2 endoplasms
  A giant cockroach (D:2)
  2 goblins
  3 hobgoblins
  2 quokkas
  2 ball pythons (D:1)
  A bat (D:1)
  4 kobolds
  2 rats (D:1)
20 creatures vanquished.

Notes
Turn   | Place    | Note
-------+----------+-------------------------------------------
     0 | D:1      | EnegeticOcto the Djinni Earth Elementalist began the quest
                  | for the Orb.
     0 | D:1      | Reached XP level 1. HP: 15/15 MP: 0/0
   151 | D:2      | Reached skill level 1 in Fighting
   151 | D:2      | Reached skill level 3 in Spellcasting
   151 | D:2      | Reached XP level 2. HP: 10/22 MP: 0/0
   209 | D:1      | Gained mutation: You passively map a small area around you.
                  | [potion of mutation]
   209 | D:1      | Gained mutation: You are partially covered in iridescent
                  | scales. (AC +2) [potion of mutation]
   209 | D:1      | Gained mutation: You sometimes lose the ability to read
                  | scrolls when taking damage. [potion of mutation]
   209 | D:1      | Gained mutation: You are mostly covered in iridescent
                  | scales. (AC +4) [potion of mutation]
   327 | D:1      | Reached XP level 3. HP: 11/27 MP: 0/0
   327 | D:1      | Learned a level 1 spell: Beastly Appendage
   443 | D:3      | HP: 1/28 [rat (1)]
   444 | D:3      | Killed from afar by an orc wizard

Illustrated notes

Levels and vault maps discovered:
D:1:      sevenhm_arrival_forest_fort_small_6, layout_loops_ring, st_stairs_2
D:2:      layout_loops_corners, nicolae_underground_beach
D:3:      layout_loops_corners, nicolae_uskayaw_suspiria, uniq_grinder,
          uniq_crazy_yiuf_cottage

Skill      XL: |  1 |
---------------+----+-----
Fighting       | 1 |  1.8
Spellcasting   | 3 |  3.2
Dodging        | |  2.1
Stealth        | |  1.5

Action                   || total
-------------------------++-------
Melee: Unarmed           ||     8
       Quarterstaff      ||     2
 Cast: Sandblast         ||    24
  Use: Potion            ||     1
Armor: Robe              ||     7
Dodge: Dodged            ||    12

Table legend: (Time is in decaauts)
 A = Elapsed time spent in this place.
 B = Non-inter-level travel time spent in this place.
 C = Inter-level travel time spent in this place.
 D = Time resting spent in this place.
 E = Time spent auto-exploring this place.
 F = Levels seen in this place.
 G = Mean time per level.
                   A        B        C        D        E       F      G
               +--------+--------+--------+--------+--------+-----+--------+
         Total |    445 |    445 |      0 |      0 |      0 |   3 |  148.3 |
       Dungeon |    445 |    445 |      0 |      0 |      0 |   3 |  148.3 |
               +--------+--------+--------+--------+--------+-----+--------+

Top non-repeatable levels by time:
     D:1: 228 daAuts
     D:2: 173 daAuts
     D:3: 44 daAuts
